 Dungeon Crawl Stone Soup version 0.22-a0-848-ge9e22a0 (webtiles) character file.

47 Mgcat the Insei (level 3, 0/17 HPs)
             Began as a Vine Stalker Transmuter on July 26, 2018.
             Succumbed to an adder's poison
             ... on level 2 of the Dungeon.
             The game lasted 00:02:07 (1348 turns).

Mgcat the Insei (Vine Stalker Transmuter)           Turns: 1348, Time: 00:02:07

Health: 0/17       AC: 12    Str: 12    XL:     3   Next: 70%
Magic:  2/7        EV:  2    Int: 14    God:
Gold:   55         SH:  0    Dex: 14    Spells: 2/6 levels left

rFire    . . .     SeeInvis .     - Unarmed
rCold    + . .     Gourm    .   (no shield)
rNeg     . . .     Faith    .   g - +2 plate armour {rC+}
rPois    .         Spirit   +   (no helmet)
rElec    .         Reflect  .   (no cloak)
rCorr    .         Harm     .   (no gloves)
MR       .....                  (no boots)
Stlth    ..........             (no amulet)
HPRegen  0.05/turn              (no ring)
MPRegen  0.10/turn              (no ring)

@: lethally poisoned (0 -> -7), drained
A: fangs 2, magic shield, antimagic bite, no potion heal 3, rot immunity
a: no special abilities


You were on level 2 of the Dungeon.
You were hungry.

You visited 1 branch of the dungeon, and saw 2 of its levels.

You collected 55 gold pieces.

Inventory:

Missiles
 a - 39 arrows
Armour
 b - a +0 robe
 g - a +2 plate armour of cold resistance (worn)
   (You found it on level 1 of the Dungeon)
Scrolls
 f - a scroll of magic mapping {unknown}
 i - 2 scrolls of identify {unknown}
 l - 2 scrolls of teleportation {unknown}
 m - a scroll of enchant weapon {unknown}
Potions
 e - a potion of degeneration {unknown}
 h - 2 potions of agility {unknown}
 j - 2 potions of curing {unknown}
 k - a potion of magic {unknown}
Comestibles
 c - 2 chunks of flesh {@w0}
 d - 3 rations


   Skills:
 - Level 0.8(0.5) Fighting
 - Level 1.5(1.2) Dodging
 + Level 3.8(3.4) Unarmed Combat
 - Level 2.1(1.8) Spellcasting
 + Level 3.1(2.7) Transmutations


You had 2 spell levels left.
You knew the following spells:

 Your Spells              Type           Power        Failure   Level  Hunger
a - Beastly Appendage     Tmut           #.....       100%        1    ##.....
b - Spider Form           Tmut/Pois      #.........   100%        3    ####...

Your spell library contained the following spells:

 Spells                   Type           Power        Failure   Level  Hunger
 Blade Hands              Tmut           #.........   100%        5    ######.
 Ice Form                 Ice/Tmut       #.......     100%        4    #####..
 Sticks to Snakes         Tmut           #.......     100%        2    ###....


Dungeon Overview and Level Annotations

Branches:
Dungeon (2/15)

Altars:
Nemelex Xobeh
Qazlal


Innate Abilities, Weirdness & Mutations

You have extremely sharp teeth.
When hurt, damage is shared between your health and your magic reserves.
Your bite disrupts and absorbs the magic of your enemies.
Potions cannot restore your health.
You are immune to rotting.


Message History

You hit the giant cockroach.
You kill the giant cockroach!
No reachable target in view!
No reachable target in view!
A kobold comes into view.
A kobold is nearby!
A worm comes into view.
The kobold hits you but does no damage.
You see here a cloak.
Your plate armour prevents you from hitting the kobold.
The kobold hits you but does no damage.
You closely miss the kobold. Your bite misses the kobold.
The kobold hits you but does no damage.
You hit the kobold. Your bite misses the kobold.
The kobold is severely wounded.
The kobold hits you.
You closely miss the kobold.
The kobold is severely wounded.
The kobold hits you.
You closely miss the kobold. Your bite misses the kobold.
The kobold is severely wounded.
The kobold hits you but does no damage.
You hit the kobold.
You kill the kobold!
The worm bites you but does no damage.
You hit the worm. You bite the worm. You drain its power.
The worm is lightly wounded.
The worm bites you but does no damage.
You hit the worm but do no damage.
The worm is lightly wounded.
Your plate armour prevents you from hitting the worm.
The worm is lightly wounded.
The worm bites you!
You are too injured to fight recklessly!
You are too injured to fight recklessly!
You are too injured to fight recklessly!
You are too injured to fight recklessly!
You hit the worm. You bite the worm. You drain its power.
You feel invigorated.
The worm is moderately wounded.
Your plate armour prevents you from hitting the worm.
The worm is moderately wounded.
The worm bites you.
You hit the worm. You bite the worm. You drain its power.
You feel invigorated.
The worm is severely wounded.
The worm bites you.
You hit the worm. Your bite misses the worm.
The worm is almost dead.
You completely miss the worm. You bite the worm. You drain its power.
You feel invigorated.
The worm is almost dead.
The worm bites you but does no damage.
You hit the worm.
The worm is almost dead.
A quokka comes into view.
Your plate armour prevents you from hitting the worm.
The worm is almost dead.
The worm bites you but does no damage.
Your plate armour prevents you from hitting the worm.
The worm is almost dead.
The worm bites you.
* * * LOW HITPOINT WARNING * * *
You hit the worm.
The worm is almost dead.
Your plate armour prevents you from hitting the worm.
You kill the worm!
Your plate armour prevents you from hitting the quokka.
The quokka bites you.
* * * LOW HITPOINT WARNING * * *
Your plate armour prevents you from hitting the quokka.
Your bite misses the quokka. The quokka barely misses you.
An adder comes into view.
You are feeling hungry.
You hit the quokka but do no damage. Your bite misses the quokka.
The quokka bites you but does no damage. x2
You hit the quokka. Your bite misses the quokka.
The quokka is heavily wounded.
The quokka bites you.
You closely miss the quokka. Your bite misses the quokka.
The quokka is heavily wounded.
The quokka bites you but does no damage.
You hit the quokka.
The quokka is heavily wounded.
The quokka barely misses you. The adder bites you but does no damage.
You hit the quokka but do no damage.
The quokka is heavily wounded.
The quokka bites you but does no damage.
The adder bites you but does no damage.
You hit the quokka.
You kill the quokka!
The adder bites you but does no damage.
You see here a cloak.
You hit the adder but do no damage. Your bite misses the adder.
The adder bites you but does no damage. x2
You hit the adder but do no damage. Your bite misses the adder.
The adder bites you.
* * * LOW HITPOINT WARNING * * *
You are lethally poisoned!
The adder poisons you!
You closely miss the adder.
You die...

#.##. #[#..
#.#.# ##.#.#
##....# ###
##.....##...#
#.....†...#
########S#
§§§§§§§#@#
§§§§§§§#.# ##
§§§§§§§#.#
..#
§§§§§§§#.#
#.#
§§######.##
#.# #.#
§8#_.....)#
#.# #.#
§§######..#
#.# #.#
§§§§§§§#..#
#.# #.#####
§§§§§§§#.##
#.# #..)...


You could see an adder.

Vanquished Creatures
  An adder (D:2)
  A worm (D:2)
  A dart slug (D:1)
  2 leopard geckos
  2 giant cockroaches (D:2)
  3 goblins
  4 hobgoblins
  3 kobolds
  A quokka (D:2)
  A ball python (D:1)
  6 bats
  2 frilled lizards
  4 rats
31 creatures vanquished.

Notes
Turn   | Place    | Note
-------+----------+-------------------------------------------
     0 | D:1      | Mgcat the Vine Stalker Transmuter began the quest for the Orb.
     0 | D:1      | Reached XP level 1. HP: 9/9 MP: 4/4
   210 | D:1      | Reached XP level 2. HP: 11/14 MP: 4/6
   451 | D:1      | Found a sparkling altar of Nemelex Xobeh.
   965 | D:2      | Reached XP level 3. HP: 11/17 MP: 5/7
  1182 | D:2      | Reached skill level 3 in Transmutations
  1281 | D:2      | Learned a level 3 spell: Spider Form
  1305 | D:2      | Found a stormy altar of Qazlal.
  1334 | D:2      | HP: 4/17 [worm (2)]
  1347 | D:2      | HP: 1/17 [adder (2)]
  1348 | D:2      | Succumbed to an adder's poison

Vault maps used:
D:1:      minmay_arrival_three_doors, nemelex_altar_shiori
D:2:      led_sif_pool, nicolae_qazlal_eye_of_the_storm,
          gammafunk_temple_overflow_statue, uniq_sigmund

Skill      XL: |  1  2  3 |
---------------+----------+-----
Transmutations | 3 |  3.1
Fighting       | |  0.8
Dodging        | |  1.5
Unarmed Combat | |  3.8
Spellcasting   | |  2.1

Action                   || total
-------------------------++-------
Melee: Unarmed           ||   120
       Bite              ||    27
       Kick              ||     1
 Cast: Beastly Appendage ||     2
  Eat: Chunk             ||     1
Armor: Plate armour      ||    94
       Robe              ||     1
Dodge: Dodged            ||    17

Table legend:
 A = Spawn XP
 B = Non-spawn XP
 C = Spawn XP percentage of total XP
 D = Spawn monster count
 E = Non-spawn monster count
 F = Spawn count percentage of total count
 G = Total turns spent on level
                    A         B        C        D         E        F      G
               +---------+---------+-------+---------+---------+-------+---------
         Total |       0 |      68 |   0.0 |       0 |      31 |   0.0 |  1348
               +---------+---------+-------+---------+---------+-------+---------
           D:1 |       0 |      25 |   0.0 |       0 |      15 |   0.0 |   900
           D:2 |       0 |      43 |   0.0 |       0 |      16 |   0.0 |   448
               +---------+---------+-------+---------+---------+-------+---------

Vault maps used:
D:1:      minmay_arrival_three_doors, nemelex_altar_shiori
D:2:      led_sif_pool, nicolae_qazlal_eye_of_the_storm,
          gammafunk_temple_overflow_statue, uniq_sigmund

Table legend:
 A = Turns spent in this place as a percentage of turns spent in the entire game.
 B = Non-inter-level travel turns spent in this place as a percentage of non-inter-level travel turns spent in the entire game.
 C = Inter-level travel turns spent in this place as a percentage of turns spent in this place.
 D = Turns resting spent in this place as a percentage of non-inter-level travel turns spent in this place.
 E = Turns spent auto-exploring this place as a percentage of non-inter-level travel turns spent in this place.
 F = Non-inter-level travel turns spent in this place divided by the number of levels of this place that you've seen.
                   A       B       C       D       E      F
               +-------+-------+-------+-------+-------+----------------------
         Total | 100.0 | 100.0 |   1.4 |   0.0 |  82.9 | 664.5
       Dungeon | 100.0 | 100.0 |   1.4 |   0.0 |  82.9 | 664.5
               +-------+-------+-------+-------+-------+----------------------

Table legend:
 A = Kills in this place as a percentage of kills in entire the game.
 B = Kills by you in this place as a percentage of kills by you in the entire game.
 C = Kills by friends in this place as a percentage of kills by friends in the entire game.
 D = Other kills in this place as a percentage of other kills in the entire game.
 E = Experience gained in this place as a percentage of experience gained in the entire game.
 F = Experience gained in this place divided by the number of levels of this place that you have seen.
                   A       B       C       D       E      F
               +-------+-------+-------+-------+-------+----------------------
         Total | 100.0 | 100.0 |   N/A |   N/A | 100.0 |  34.0
       Dungeon | 100.0 | 100.0 |   N/A |   N/A | 100.0 |  34.0
               +-------+-------+-------+-------+-------+----------------------
